[Event "Slovakian-ch Youth 2022"]
[Site "Lubovna"]
[Date "2022.05.22"]
[Round "1.13"]
[White "Svorad, Tomas"]
[Black "Chlpek, Daniel"]
[Result "0-1"]
[ECO "C07"]
[WhiteElo "1405"]
[BlackElo "2030"]
[Annotator "TA"]
[PlyCount "92"]
[EventDate "2022.05.22"]
[EventCountry "SVK"]
[SourceTitle "playchess.com"]
[Source "ChessBase"]
[SourceQuality "1"]
[TimeControl "40/5400+30:1800+30"]

1. e4 c5 2. Nf3 e6 3. d4 cxd4 4. Nxd4 Nf6 5. Nd2 d5 6. Bb5+ {[%emt 0:05:54] C07: French Tarrasch: 3...c5, 4 Ngf3 and 4 exd5 Qxd5.} Bd7 7. Bxd7+ Nbxd7 8. exd5 {[%emt 0:00:49] The position is equal.} Nxd5 9. O-O Be7 10. c4 N5b6 11. b3 O-O {[%emt 0:07:51] [#]} 12. Ne4 $146 ({Predecessor:} 12. Bb2 a6 13. Qe2 Nf6 14. Rad1 Qc7 15. Rfe1 Nbd7 16. N2f3 Rad8 17. Nxe6 fxe6 18. Qxe6+ {1-0 (30) Todorov,T (2469)-Naumkin,I (2463) Ischia 2012}) 12... Nf6 13. Nxf6+ Bxf6 14. Be3 Qd7 15. Qd2 $1 Rfd8 16. Rad1 Qe7 17. Qc2 Nd7 18. Nb5 b6 19. Rd2 a6 20. Nc7 ({Better is} 20. Nd6 $14) 20... Ra7 (20... Rac8 $5 21. Bf4 (21. Nxa6 $2 Qa3 $19) 21... Nc5 22. Rxd8+ Rxd8 $15) 21. Rfd1 $1 Rxc7 22. Bxb6 $1 Rdc8 23. Bxc7 Rxc7 24. Qe4 Qe8 {[%emt 0:06:15] Against Qa8} 25. Qd3 Nc5 $36 {[%emt 0:02:33][%mdl 2048] Black has strong initiative.} 26. Qd8 {[%emt 0:01:28] Loses the game.} Bxd8 $19 (26... Qxd8 $2 {is a self mate.} 27. Rxd8+ Bxd8 28. Rxd8#) 27. Rxd8 {[%emt 0:01:19][%cal Rd8e8] [#]} Kf8 28. Rxe8+ Kxe8 {[%emt 0:00:06][%mdl 4096] Endgame KRN-KR} 29. b4 Ne4 30. c5 Nc3 31. Rd2 (31. Ra1 $142) 31... Rd7 32. Rxd7 Kxd7 {[%emt 0:00:05] KN-KP} 33. a3 Kc6 {[%emt 0:00:04] [#] Strongly threatening ...Kb5.} 34. Kf1 a5 35. Ke1 axb4 36. axb4 Nd5 37. Kd2 Nxb4 38. Ke3 Kxc5 {[%emt 0:00:05] ...f5 is the strong threat. KN-K3P} 39. Ke4 Kd6 40. Kd4 e5+ 41. Ke4 Ke6 42. f4 f5+ {[%emt 0:00:05] Black mates.} 43. Kf3 e4+ 44. Ke2 Kd5 45. h3 Kd4 46. g4 g6 {[%emt 0:00:05] Weighted Error Value: White=0.65/Black=0.16 (very precise)} 0-1

[Event "Slovakian-ch Youth 2022"]
[Site "Lubovna"]
[Date "2022.05.22"]
[Round "1.14"]
[White "Zdrazil, Patrik"]
[Black "Rybiansky, Jergus"]
[Result "1-0"]
[ECO "A07"]
[WhiteElo "1997"]
[BlackElo "1379"]
[Annotator "TA"]
[PlyCount "43"]
[EventDate "2022.05.22"]
[EventCountry "SVK"]
[SourceTitle "playchess.com"]
[Source "ChessBase"]
[SourceQuality "1"]
[TimeControl "40/5400+30:1800+30"]

1. Nf3 d5 2. g3 c5 3. Bg2 Nc6 4. O-O Nf6 5. d3 Bf5 6. Nbd2 e6 7. b3 Be7 8. Bb2 O-O 9. h3 {[%emt 0:02:16] [#] A07: Réti Opening: New York and Capablanca Systems.} h5 $146 ({Predecessor:} 9... Qc7 10. Nh4 Bg6 11. Nxg6 hxg6 12. e3 e5 13. Qe2 Rad8 14. h4 Rfe8 15. a3 b5 16. a4 b4 {½-½ (42) Vezzani,S (2149)-Tricoli,M (1961) Arco 2019}) 10. Ne5 Bd6 $2 {[%emt 0:10:47][%mdl 8192] [#]} (10... Nxe5 $11 {and Black has nothing to worry.} 11. Bxe5 Bg6) 11. Nxc6 $18 {[%emt 0:00:17] White has a decisive advantage.} bxc6 12. e4 Bg6 13. e5 Be7 14. exf6 Bxf6 15. Bxf6 Qxf6 16. Nf3 Rfe8 17. Nh4 Rad8 18. Nxg6 fxg6 19. Qd2 {[%emt 0:00:49] White is clearly winning.} Rf8 20. Qe3 Qe7 21. Rae1 Rde8 22. c4 {[%emt 0:00:58] White took control after the opening.  Weighted Error Value: White=0.04 (flawless) /Black=0.74} 1-0

[Event "Slovakian-ch Youth 2022"]
[Site "Lubovna"]
[Date "2022.05.21"]
[Round "1.14"]
[White "Kakus, Oliver"]
[Black "Paholok, Adam"]
[Result "0-1"]
[ECO "C11"]
[WhiteElo "1000"]
[BlackElo "1449"]
[Annotator "NA COMBH"]
[PlyCount "30"]
[EventDate "2022.05.22"]
[EventCountry "SVK"]
[SourceTitle "playchess.com"]
[Source "ChessBase"]
[SourceQuality "1"]
[TimeControl "40/5400+30:1800+30"]

1. e4 e6 2. Nf3 d5 3. Nc3 Nf6 4. Bb5+ c6 5. Ng5 cxb5 6. O-O b4 7. h3 bxc3 8. bxc3 Nxe4 9. d3 Nxg5 10. Bxg5 Qxg5 11. Qf3 Bd6 12. Rae1 O-O 13. h4 Qxh4 14. Qh3 Qf4 15. Qe3 Qh2# 0-1

[Event "Slovakian-ch Youth 2022"]
[Site "Lubovna"]
[Date "2022.05.22"]
[Round "1.15"]
[White "Orgon, Patrik"]
[Black "Compel, Daniel"]
[Result "0-1"]
[ECO "A46"]
[WhiteElo "1721"]
[BlackElo "2106"]
[Annotator "TA"]
[PlyCount "80"]
[EventDate "2022.05.22"]
[EventCountry "SVK"]
[SourceTitle "playchess.com"]
[Source "ChessBase"]
[SourceQuality "1"]
[TimeControl "40/5400+30:1800+30"]

1. d4 Nf6 2. Nf3 c5 3. e3 e6 4. Bd3 Nc6 5. O-O Be7 6. b3 {[%emt 0:03:11] A46: 1 d4 Nf6 2 Nf3 e6: Torre, London and Colle Systems.} b6 7. Bb2 cxd4 8. exd4 O-O 9. Nbd2 Nb4 10. Be2 Bb7 11. c4 {[%emt 0:01:41] Prevents Nbd5.} d5 12. a3 Nc6 13. Rc1 Rc8 {[%emt 0:00:22] [#]} 14. c5 $146 (14. Re1 $11) ({Predecessor:} 14. Re1 Ne4 15. cxd5 exd5 16. Bb5 a6 17. Bxc6 Rxc6 18. Rxc6 Bxc6 19. Ne5 Bb7 20. Nf1 Bd6 21. f3 {0-1 (57) Midoux,S (2268)-Maze,S (2595) Menton 2018}) 14... bxc5 15. dxc5 e5 $2 {[%emt 0:01:03] [#]} (15... a5 $11 {and Black is okay.}) 16. b4 $1 $18 d4 17. Bb5 (17. Nc4 $18) 17... Qc7 (17... Nd5 $16) 18. Nc4 {[%emt 0:03:23] Bxc6 is the strong threat.} Nd7 19. Re1 f6 $2 (19... Ba8 $16 20. Bxd4 Rfd8) 20. Bxc6 Bxc6 {[%emt 0:01:40] [#]} 21. Bxd4 $1 Rfd8 (21... Rfe8 22. Bb2) 22. Qb3 {[%emt 0:00:56] White wants to mate with Nd6+.} Bd5 23. Be3 e4 {[%emt 0:01:29] [#]} 24. Nfd2 ({Don't do} 24. Nd4 $6 Ne5 $14) 24... f5 25. Bd4 Nf6 26. Be5 Qd7 27. Qc3 Qe6 28. Ne3 Bb7 29. Qc4 ({Better is} 29. Qb3 $18 Nd5 30. Nec4) 29... Nd5 $16 30. Nxd5 Rxd5 31. Bc3 ({White should try} 31. Bf4 $16) 31... Ba6 32. Qa2 Kh8 (32... Qf7 $14) 33. Qb2 {[%emt 0:02:09] Hoping for b5.} Qg6 $2 (33... Bg5 $16 {keeps fighting.}) 34. f3 $2 (34. b5 $18) 34... Bh4 (34... Bg5 $11) 35. fxe4 $14 fxe4 {[%emt 0:04:26] [#]} 36. Nxe4 $1 Bxe1 $11 {[%emt 0:00:33] The position is equal.} 37. Rxe1 {[%emt 0:00:08] Black must now prevent b5.} Re8 38. Nd6 Rxe1+ 39. Bxe1 Qe6 40. Qf2 {[%emt 0:01:33] White threatens Qf8+ and mate.} Kg8 {[%emt 0:01:20][%mdl 32768] Against Qf8+. Black defended with fortune.  Weighted Error Value: White=0.31/Black=0.36. Sensor Board Error (Ke4/e5)?} 0-1

[Event "Slovakian-ch Youth 2022"]
[Site "Lubovna"]
[Date "2022.05.21"]
[Round "1.15"]
[White "Carnecky, Viliam"]
[Black "Otahal, Kristian"]
[Result "1-0"]
[ECO "B22"]
[WhiteElo "1380"]
[BlackElo "1000"]
[Annotator "NA COMBH"]
[PlyCount "47"]
[EventDate "2022.05.22"]
[EventCountry "SVK"]
[SourceTitle "playchess.com"]
[Source "ChessBase"]
[SourceQuality "1"]
[TimeControl "40/5400+30:1800+30"]

1. e4 c5 2. c3 Nc6 3. d4 cxd4 4. cxd4 d5 5. e5 Bf5 6. Nc3 e6 7. Nf3 Bb4 8. Be3 Bxc3+ 9. bxc3 Nge7 10. Be2 Qc7 11. O-O O-O-O 12. c4 f6 13. cxd5 Nxd5 14. exf6 gxf6 15. Qd2 e5 16. dxe5 Nxe3 17. Qxe3 fxe5 18. Bb5 Nd4 19. Rac1 Bc2 20. Nxd4 Rxd4 21. Qe2 Kb8 22. Rxc2 Qd8 23. Qxe5+ Rd6 24. Rd1 1-0

[Event "Slovakian-ch Youth 2022"]
[Site "Lubovna"]
[Date "2022.05.22"]
[Round "1.16"]
[White "Salgovic, Simon"]
[Black "Jurky, Marian"]
[Result "1-0"]
[ECO "B85"]
[WhiteElo "2091"]
[BlackElo "1689"]
[Annotator "TA"]
[PlyCount "115"]
[EventDate "2022.05.22"]
[EventCountry "SVK"]
[SourceTitle "playchess.com"]
[Source "ChessBase"]
[SourceQuality "1"]
[TimeControl "40/5400+30:1800+30"]

1. e4 c5 2. Nf3 d6 3. d4 cxd4 4. Nxd4 Nf6 5. Nc3 a6 6. Be3 e6 7. Be2 Be7 8. a4 Bd7 9. O-O O-O 10. f4 Nc6 11. Nb3 Qc7 {[%emt 0:06:00] B85: Sicilian Scheveningen: 6 Be2 a6, lines with early Be3.} 12. a5 Bd8 13. Bf3 {[%emt 0:33:01] [#]} Qb8 $146 {[%emt 0:13:12] White is better.} ({Predecessor:} 13... e5 14. Nd5 Nxd5 15. exd5 Ne7 16. fxe5 Ng6 17. exd6 Qxd6 18. Bc5 Qe5 19. Bxf8 Kxf8 {1-0 (38) Belostozkaja,J-Cornelissen,P Willingen 1999}) 14. Kh1 h6 15. Qd2 Kh8 16. Rfd1 Bc7 17. Na4 Ne7 18. Nb6 Bxb6 19. Bxb6 {[%emt 0:00:19] Threatens to win with e5.} Nc8 {[%emt 0:00:11] [#]} (19... Bc6 $16 {might work better.}) 20. e5 $1 $18 dxe5 (20... Nd5 21. c4 (21. Bxd5 exd5 22. Bd4 Bf5 $16) 21... Ndxb6) 21. fxe5 Nd5 22. Bxd5 $2 (22. Bc5 $18 {has better winning chances.} Rd8 23. c4) 22... exd5 $16 23. Bc5 ({Resist} 23. Qxd5 Bc6 24. Qd4 Re8 $14) 23... Re8 24. Qxd5 Be6 25. Qd4 $36 {[%emt 0:00:43][%mdl 2048] White has strong initiative. White is much more active. The black rooks are badly placed.} Bxb3 26. cxb3 {[%emt 0:00:02] aiming for Qf2.} Qxe5 $2 {[%emt 0:01:55] [#]} (26... Ne7 $16) 27. Qxe5 $18 Rxe5 28. Rd8+ Kh7 29. b4 Re6 30. Rc1 Rc6 31. Re1 Rb8 32. Ree8 b6 33. axb6 a5 34. b7 Rxb7 35. Rxc8 Rf6 (35... Rxc8 $142 36. Rxc8 axb4) 36. h3 axb4 37. Re4 b3 38. Rb4 Rxb4 39. Bxb4 {[%emt 0:00:03][%mdl 4096] Endgame KRB-KR} Rb6 40. Bc3 Kg6 41. Rc4 f5 (41... h5 $142 42. Rc5 f6) 42. Rb4 Rxb4 43. Bxb4 {[%emt 0:00:30] KB-KP. White mates.} Kg5 44. g3 Kh5 45. Kg2 g5 46. Kf3 Kg6 47. Ke3 h5 48. h4 f4+ 49. gxf4 {[%emt 0:00:30] KB-K3P} g4 50. Ke4 Kf6 51. Bc3+ Ke6 52. f5+ Kf7 53. Ke5 Ke7 54. f6+ Kf7 55. Be1 Kf8 56. Ke6 Ke8 57. f7+ Kf8 58. Bb4+ {[%emt 0:00:30] Weighted Error Value: White=0.20 (precise) /Black=0.60} 1-0

[Event "Slovakian-ch Youth 2022"]
[Site "Lubovna"]
[Date "2022.05.21"]
[Round "1.16"]
[White "Rybovic, Alex"]
[Black "Demjan, David"]
[Result "0-1"]
[ECO "B00"]
[WhiteElo "1000"]
[BlackElo "1375"]
[Annotator "NA COMBH"]
[PlyCount "98"]
[EventDate "2022.05.22"]
[EventCountry "SVK"]
[SourceTitle "playchess.com"]
[Source "ChessBase"]
[SourceQuality "1"]
[TimeControl "40/5400+30:1800+30"]

1. e4 d6 2. Nf3 Nf6 3. e5 dxe5 4. Nxe5 e6 5. Bb5+ c6 6. Bc4 Bd6 7. d4 Bxe5 8. dxe5 Qxd1+ 9. Kxd1 Ng4 10. Re1 Nxf2+ 11. Ke2 Ng4 12. h3 Nxe5 13. Nd2 O-O 14. Kf1 Nbd7 15. b3 b5 16. Bd3 Rd8 17. c4 Nxd3 18. Re3 Nf6 19. Re2 Ba6 20. Rb1 Rab8 21. Bb2 Nxb2 22. Rxb2 bxc4 23. Ke1 c3 24. Rc2 cxd2+ 25. Rexd2 Rxd2 26. Kxd2 Rd8+ 27. Kc1 h6 28. Rxc6 Rc8 29. Rxc8+ Bxc8 30. Kd2 Bb7 31. Ke3 Bxg2 32. a4 Bxh3 33. b4 Nd5+ 34. Kd4 Nxb4 35. Ke5 f6+ 36. Kd6 f5 37. Kxe6 f4+ 38. Kd6 f3 39. a5 f2 40. a6 f1=Q 41. Ke5 Qf5+ 42. Kd4 Qd5+ 43. Kc3 g5 44. Kxb4 g4 45. Kc3 g3 46. Kb4 g2 47. Kc3 g1=Q 48. Kb4 Qgc5+ 49. Ka4 Bd7# 0-1

[Event "Slovakian-ch Youth 2022"]
[Site "Lubovna"]
[Date "2022.05.22"]
[Round "1.17"]
[White "Filo, David"]
[Black "Skreko, Igor"]
[Result "0-1"]
[ECO "E94"]
[WhiteElo "1653"]
[BlackElo "2065"]
[Annotator "TA"]
[PlyCount "34"]
[EventDate "2022.05.22"]
[EventCountry "SVK"]
[SourceTitle "playchess.com"]
[Source "ChessBase"]
[SourceQuality "1"]
[TimeControl "40/5400+30:1800+30"]

1. d4 Nf6 2. c4 g6 3. Nc3 Bg7 4. e4 d6 5. Nf3 O-O 6. Be2 e5 7. d5 a5 8. O-O Na6 9. h3 Nc5 10. Qc2 Nh5 {[%emt 0:02:39] E94: King's Indian: Classical: 6 Be2 e5 7 0-0: Various Black 7th moves.} 11. Ne1 (11. Bg5 $11 f6 12. Be3) 11... Nf4 $15 12. Nd3 (12. Nf3 $11 {keeps the balance.}) 12... Ncxd3 $17 {[%emt 0:03:58] Black is more active. Black is clearly better.} ({Weaker is} 12... Nfxd3 13. Bxd3 f5 14. exf5 $15) 13. Bxd3 {[%emt 0:00:11] [#]} Qg5 $1 14. Bxf4 (14. f3 $17 {might work better.}) 14... exf4 $40 {[%emt 0:00:15][%cal Be5f4,Bf4f3][%mdl 160] [#] Black goes for the king.} 15. Kh1 $146 (15. f3 Bxh3 16. Kh1) ({Predecessor:} 15. Kh2 Be5 16. Rab1 f3+ 17. g3 Qh4 18. a3 Qxh3+ 19. Kg1 Qg2# {0-1 (19) Deller,H-Eggmann,K Chexbres 2005}) 15... f3 $1 16. Rg1 Qh4 {[%emt 0:03:17][%cal Oc8h3] ( -> ...Bxh3!)} 17. Rge1 $2 {[%emt 0:08:25] [#]} (17. Bf1 $19 fxg2+ 18. Rxg2) 17... Bxh3 $1 {[%emt 0:02:05][%mdl 512] White got outplayed after the opening.  Weighted Error Value: White=1.58/Black=0.00 (flawless)} 0-1

[Event "Slovakian-ch Youth 2022"]
[Site "Lubovna"]
[Date "2022.05.22"]
[Round "1.18"]
[White "Sandor, Samuel"]
[Black "Sustek, Adam"]
[Result "1-0"]
[ECO "C11"]
[WhiteElo "2054"]
[BlackElo "1636"]
[Annotator "TA"]
[PlyCount "78"]
[EventDate "2022.05.22"]
[EventCountry "SVK"]
[SourceTitle "playchess.com"]
[Source "ChessBase"]
[SourceQuality "1"]
[TimeControl "40/5400+30:1800+30"]

1. e4 e6 2. d4 d5 3. Nc3 Nf6 4. e5 Nfd7 5. f4 c5 6. Nf3 Be7 7. Be3 Nc6 8. Qd2 cxd4 {[%emt 0:07:53] C11: French: Classical System: 4 e5 and 4 Bg5 dxe4.} 9. Nxd4 Nxd4 10. Bxd4 Bc5 {[%emt 0:03:52] White has an edge.} 11. O-O-O a6 {[%emt 0:04:45] [#]} (11... O-O $14) 12. Ne4 $146 ({Predecessor:} 12. Bxc5 Nxc5 13. Qf2 Qc7 14. Qf3 O-O 15. Bd3 b5 16. a3 Qb6 17. Qh3 Nxd3+ 18. Qxd3 {1-0 (76) Pauscher,W (1806)-Caprita,V (1429) Leipzig 2013}) 12... Be7 (12... Ba3 13. Qe3) 13. Ng5 {[%emt 0:14:38] White is much more active. The black rooks are badly placed.} b5 14. h4 h6 15. Nf3 Nc5 16. g4 Ne4 17. Qe1 Bd7 18. Kb1 a5 19. Bd3 Nc5 ({Black should try} 19... a4 $1 $14) 20. Bxc5 (20. f5 $16) 20... Bxc5 $14 21. f5 b4 22. Qg3 Rb8 $2 (22... Qb6 $11) 23. Rde1 (23. g5 $1 $18) 23... Bb5 $2 (23... Qb6 $14) 24. g5 $18 {[%emt 0:03:42] Strongly threatening gxh6.} Bxd3 25. cxd3 exf5 $2 (25... Qe7 {keeps fighting.} 26. f6 Qf8) 26. g6 $2 (26. e6 $18) 26... O-O $11 27. d4 Ba7 (27... Be7 $1 $11) 28. gxf7+ $16 Rxf7 29. e6 $1 $36 {[%emt 0:00:31][%mdl 2048] White is really pushing.} Re7 30. Qe5 ({Better is} 30. Qg6 $16 {[%cal Of3g5] Threatening mate with Ng5!} Qe8 31. Qxf5) 30... Qc7 $2 (30... b3 $11 31. a3 (31. Qxf5 bxa2+ 32. Ka1 Qb6 $11) 31... f4) 31. Qxf5 $18 {[%emt 0:00:43][%cal Of3g5] Ng5! is the strong threat.} ({Not} 31. Qxd5 b3 $14) 31... Rbe8 $2 {[%emt 0:00:32] [#]} (31... b3) 32. Qxd5 $2 (32. Ng5 $1 $18 {[%mdl 512] is the precise move to win. Intending Qh7+ and mate.} hxg5 33. hxg5 Rxe6 34. Rxe6 Rxe6 35. Qxe6+ Qf7 36. Rh8+ $3 Kxh8 37. Qxf7) 32... Qb6 {[%emt 0:00:31][%cal Re7e6] [#]} (32... Rc8 $2 33. Rc1 Qd8 34. Rxc8 Qxc8 35. Ne5 Qxe6 36. Nc6 $1 $18 (36. Qxa5 Bxd4 37. Qd8+ Kh7 $11)) 33. Re4 (33. Re3 $1 $16) 33... Qb7 $2 {[%emt 0:00:30][%mdl 8192] [#]} (33... Qa6 $14 34. Ka1 a4) 34. Qxb7 $1 Rxb7 35. d5 Bc5 36. Rc1 Be7 37. Ne5 Rd8 38. Nd7 Rb5 $2 (38... h5 39. Rc6 Rdxd7) 39. Rd1 Rb7 {[%emt 0:00:33] Weighted Error Value: White=0.59/Black=0.82} 1-0

[Event "Slovakian-ch Youth 2022"]
[Site "Lubovna"]
[Date "2022.05.22"]
[Round "1.19"]
[White "Tokarcik, Patrik"]
[Black "Lovcican, Tomas"]
[Result "0-1"]
[ECO "B72"]
[WhiteElo "1591"]
[BlackElo "2024"]
[Annotator "TA"]
[PlyCount "62"]
[EventDate "2022.05.22"]
[EventCountry "SVK"]
[SourceTitle "playchess.com"]
[Source "ChessBase"]
[SourceQuality "1"]
[TimeControl "40/5400+30:1800+30"]

1. e4 c5 2. Nf3 Nc6 3. d4 cxd4 4. Nxd4 Nf6 5. Nc3 d6 6. Be2 g6 7. Be3 Bg7 8. Qd2 Ng4 9. Bxg4 Bxg4 10. f3 {[%emt 0:01:18] [#] Threatens to win with Nxc6.} Bd7 {[%emt 0:01:10] B72: Sicilian Dragon: 6 Be3, lines with h3+Bc4 and sidelines.} 11. Nxc6 bxc6 12. Bh6 Bf6 {[%emt 0:13:23] [#] The position is equal.} 13. Rd1 $146 ({Predecessor:} 13. Rb1 Qa5 14. O-O Qe5 15. Ne2 Bg7 16. Bxg7 Qxg7 17. Qd4 O-O 18. Rfd1 Qxd4+ 19. Rxd4 {0-1 (60) Podgorski,M (1835)-Malec,S (2132) Warsaw 2018}) 13... Qa5 14. f4 (14. Rb1 $11 {remains equal.}) 14... Qh5 15. Bg5 {[%emt 0:07:12] And now Bxf6 would win.} Bxg5 (15... Bxc3 {looks sharper.} 16. Qxc3 f6 17. Bxf6 exf6 18. Rxd6 O-O-O) 16. fxg5 h6 17. gxh6 Rxh6 18. Qf4 Rb8 19. b3 Rh7 20. Rd3 g5 (20... f6 $15) 21. Qf2 Rb7 22. h3 Qh4 23. Rf1 {[%emt 0:02:48] [#]} (23. Rg3 $11) 23... g4 (23... Qxf2+ $1 $17 24. Kxf2 f6) 24. Qxh4 Rxh4 25. Rg3 e5 26. hxg4 $1 Bxg4 27. Rd3 Ke7 28. Rd2 (28. Nb1 $15) 28... Rb8 $17 {[%emt 0:03:42] Black is better.} 29. Rff2 Rh1+ 30. Rf1 Rxf1+ 31. Kxf1 Bh3 $2 {[%emt 0:00:47][%mdl 40960] Weighted Error Value: White=0.17 (very precise) /Black=0.07 (flawless) . Loss on time!?} 0-1

[Event "Slovakian-ch Youth 2022"]
[Site "Lubovna"]
[Date "2022.05.22"]
[Round "1.20"]
[White "Paluska, Karol"]
[Black "Horvath, Marek"]
[Result "1/2-1/2"]
[ECO "D14"]
[WhiteElo "2006"]
[BlackElo "1801"]
[Annotator "TA"]
[PlyCount "105"]
[EventDate "2022.05.22"]
[EventCountry "SVK"]
[SourceTitle "playchess.com"]
[Source "ChessBase"]
[SourceQuality "1"]
[TimeControl "40/5400+30:1800+30"]

1. Nf3 d5 2. d4 Nf6 3. c4 c6 4. cxd5 cxd5 5. Nc3 Nc6 6. Bf4 Bf5 7. e3 e6 8. Bb5 a6 9. Bxc6+ bxc6 10. Ne5 {[%emt 0:10:36] D14: Slav Defence: Exchange variation with ...Bf5.} c5 $2 {[%emt 0:01:22] [#]} (10... Nd7 $11) 11. Bg5 $146 (11. Qa4+ $18 Nd7 12. dxc5) ({Predecessor:} 11. Qa4+ Nd7 12. g4 Bg6 13. h4 f6 14. Nxg6 hxg6 15. Qc6 Kf7 16. Bc7 Rc8 17. Nxd5 Nb8 18. Qxe6+ Kxe6 {½-½ (46) Coghini,P (1872)-Meravanage,S (1395) Wellington 2016}) 11... Qa5 $11 12. Nc6 (12. O-O $11) 12... Qc7 $15 13. Qa4 Qd7 (13... Nd7 $5 14. Bf4 Qb7 $15) 14. dxc5 (14. Bxf6 $11 {remains equal.} gxf6 15. dxc5) 14... Bxc5 (14... Ne4 $1 $17 15. Nd4 (15. Nxe4 Bxe4 16. f3 Bg6 $17) 15... Qxa4 16. Nxa4 Nxg5) 15. O-O (15. Rc1 $5 ) 15... O-O 16. Ne5 Qxa4 17. Nxa4 Be7 ({Black should try} 17... Bd6 $11 18. Bxf6 gxf6) 18. Nc6 {[%emt 0:10:35] Pair of Knights!} Bd8 19. Bxf6 gxf6 20. Nxd8 Rfxd8 21. Nc5 Rdc8 22. Rac1 a5 23. Rfd1 Rab8 24. b3 Rb5 25. Na4 Rbb8 26. h3 h5 27. Kf1 (27. Rc5 $14 {deserves consideration.}) 27... Kf8 28. Ke2 Ke7 29. Kd2 Kd6 30. Rc3 Rxc3 (30... h4 {feels hotter.} 31. Rdc1 Rxc3 32. Nxc3 e5) 31. Nxc3 {[%emt 0:00:09][%mdl 4096] Endgame KRB-KRN} Rc8 (31... Rg8 $5 ) 32. h4 Kc5 33. Rc1 Kb4 34. g3 Rc5 35. f3 e5 (35... Rc8 $11) 36. e4 $16 dxe4 37. fxe4 Be6 {[%emt 0:00:09] [#]} 38. Rc2 $2 (38. g4 $1 $16 Bxg4 39. Nd5+ Kb5 40. Rxc5+ Kxc5 41. Nxf6) 38... f5 $17 39. exf5 Bxf5 40. Rc1 e4 ({Better is} 40... Bg6 $17 {aiming for ...f6.} 41. Na4 Rxc1 42. Kxc1 Ka3) 41. Ne2 $2 (41. Nd1 $1 $11 {and White is okay.}) 41... Rxc1 $19 42. Nxc1 {[%emt 0:06:13] KB-KN} (42. Kxc1 $142 Bg4 43. Nd4) 42... Bg4 {[%emt 0:14:13] White must now prevent ...Ka3.} 43. Ke3 f5 {[%emt 0:13:26] And now ...Ka3 would win.} 44. Kd4 Ka3 45. Kc3 e3 (45... Bd1 $142 {Strongly threatening ...Bg4.} 46. Kd2 Bf3) 46. Kc2 e2 47. Kd2 Kb2 48. Nd3+ (48. Nxe2 Bxe2 49. Kxe2 Kxa2 50. Kf3 Kxb3 51. Kf4 a4 52. Kg5 a3 53. Kxh5 a2 54. Kg5 a1=Q 55. Kxf5 Qc3 56. h5 Qxg3 57. h6 Kc4 58. h7 Qd3+ 59. Kg5 Qxh7 60. Kf6 Kd5 61. Kg5 Ke5 62. Kg4 Qd3 63. Kh5 Kf5 64. Kh4 Kf4 65. Kh5 Qh7#) 48... Kxa2 49. b4 {[%emt 0:00:30] [#]} axb4 (49... a4 $1 $19 50. b5 a3) 50. Nxb4+ $11 Kb3 51. Nd3 Ka4 (51... Kc4 $5 52. Nf4 Bf3 $11) 52. Nf4 Kb4 53. Nxe2 {[%emt 0:00:30] Weighted Error Value: White=0.81/Black=0.59} 1/2-1/2

[Event "Slovakian-ch Youth 2022"]
[Site "Lubovna"]
[Date "2022.05.22"]
[Round "1.21"]
[White "Papp, Gabor"]
[Black "Rakovsky, Jakub"]
[Result "1/2-1/2"]
[ECO "A80"]
[WhiteElo "2564"]
[BlackElo "1888"]
[Annotator "TA"]
[PlyCount "115"]
[EventDate "2022.05.22"]
[EventCountry "SVK"]
[SourceTitle "playchess.com"]
[Source "ChessBase"]
[SourceQuality "1"]
[TimeControl "40/5400+30:1800+30"]

1. d4 f5 2. Nc3 Nf6 3. Bg5 d5 4. e3 Nbd7 5. Bd3 e6 6. Nge2 {[%emt 0:01:18] [#] A80: Dutch Defence: Unusual White second moves.} Be7 $146 ({Predecessor:} 6... c5 7. Nf4 Qb6 8. Bb5 Kf7 9. Bxd7 Bxd7 10. Bxf6 Kxf6 11. Ncxd5+ exd5 12. Nxd5+ Kf7 13. Nxb6 axb6 {1-0 (24) Ivanovic,N (2215)-Becelic,D (2095) Belgrade 2009}) 7. Nf4 Nf8 (7... Nb6 $11) 8. Bxf6 {[%emt 0:09:53] White is slightly better.} Bxf6 9. Nh5 c6 10. Nxf6+ Qxf6 11. Qd2 b5 ({Black should play} 11... e5 $11) 12. O-O-O {[%emt 0:00:30] White is more active.} (12. Ne2 $14 {might be stronger.}) 12... Nd7 $11 13. a3 ({White should try} 13. h3 $11) 13... a5 $15 14. Kb1 Qe7 15. Na2 Nb6 16. c3 Nc4 17. Bxc4 bxc4 18. Qc2 O-O 19. Nc1 Bd7 20. Ka1 Rfb8 21. Rd2 Rb5 22. Qd1 Rab8 {[%emt 0:01:22][%cal Ob5b2] White must now prevent ...Rxb2!} 23. Ne2 Rb3 24. Ka2 c5 25. dxc5 Qxc5 26. Nd4 Ba4 27. Qc1 R3b6 28. f4 g6 (28... Be8 $11) 29. Rg1 Re8 30. Re2 (30. g4 $14) 30... e5 $11 31. fxe5 Rxe5 32. g4 fxg4 33. Rxg4 Bd7 (33... Rf6 $11) 34. Rf4 $14 Qe7 35. Qe1 (35. Ref2 $16) 35... Rb8 36. Rf3 Re8 37. h3 g5 (37... Rf8 $11) 38. Rg3 (38. Ref2 $16) 38... Kh8 39. Qg1 {[%emt 0:00:17] Threatens to win with Nf3.} h5 $2 (39... h6 $1 $11 {and Black is okay.}) 40. Qg2 $2 (40. Nf3 $18 Rf5 41. e4 dxe4 42. Nxg5) 40... g4 $2 (40... h4 $14 41. Rf3 Rf8) 41. hxg4 $18 hxg4 (41... Bxg4 $142 42. Rxg4 hxg4) 42. Re1 (42. Qh1+ $142 Kg8 43. Nc6 $1 Bxc6 44. Rxg4+ Rg5 45. Rxg5+ Qxg5 46. Rg2 Qxg2 47. Qxg2+ Kf7 48. Qg3) 42... Rh5 43. Rh1 Qh7 44. Rxh5 Qxh5 {[%emt 0:00:08] [#]} 45. Ne2 $2 ({White must play} 45. Qf2 $1 $18) 45... Re5 (45... Kg7 $1 $14) 46. Nf4 $36 {[%emt 0:00:00][%mdl 2048] Keeping Black busy.} Qf7 (46... Qg5 $16 47. Qd2 Bf5) 47. Qd2 Kh7 (47... Rg5 $142 48. Qd4+ Kg8) 48. Qd4 $18 Re4 49. Qxd5 (49. Qb6 $18) 49... Rxf4 $4 (49... Qxd5 $17 50. Nxd5 Kg6) 50. Qh1+ Kg7 {[%emt 0:02:37] Hoping for ...Rf1.} 51. exf4 Qxf4 {[%emt 0:00:30][%mdl 4096] Endgame KQR-KQB} 52. Qg1 Kf6 53. Qd4+ $2 ({Better is} 53. Qb6+ $18 Kf7 54. Rg1) 53... Qxd4 $14 54. cxd4 Kf5 {[%emt 0:00:30] [#]} 55. Re3 (55. d5 $1 $16) 55... Kf4 $11 {[%emt 0:00:30] The position is equal.} 56. Re7 Ba4 57. d5 {[%emt 0:00:00] aiming for d6.} g3 58. Rf7+ {[%emt 0:00:00] Weighted Error Value: White=0.61/Black=0.56} 1/2-1/2